 Dungeon Crawl Stone Soup version 0.16-a0-259-g9aa467b (webtiles) character file.

856 Qrupt the Ducker (level 8, 0/57 HPs)
             Began as a Human Artificer on Aug 24, 2014.
             Was an Initiate of Gozag.
             Succumbed to poison (a potion of poison)
             ... in an ossuary.
             The game lasted 00:18:24 (6979 turns).

Qrupt the Ducker (Human Artificer)                  Turns: 6979, Time: 00:18:24

HP   0/57        AC  8     Str 12      XL: 8   Next: 22%
MP  13/13        EV 21     Int 12      God: Gozag
Gold 527         SH  0     Dex 21      Spells:  0 memorised,  7 levels left

rFire  . . .     SeeInvis .     a - +0 short sword (curse)
rCold  . . .     Clarity  .     e - +0 leather armour
rNeg   + . .     rCorr    .     (no shield)
rPois  .         rRot     .     (no helmet)
rElec  .         Spirit   .     n - +0 cloak (curse)
SustAb .         Warding  +     B - +1 pair of gloves (curse)
rMut   .         Stasis   .     w - +1 pair of boots (curse)
Gourm  .                        x - cursed amulet of warding
MR     .....                    (no ring)
                                (no ring)

@: agile, lethally poisoned, not resistant to hostile enchantments, fairly
stealthy
A: no striking features
a: Potion Petition, Call Merchant, Bribe Branch, Renounce Religion


You were in an ossuary.
You worshipped Gozag.
Gozag was noncommittal.
You were not hungry.

You visited 1 branch of the dungeon, and saw 5 of its levels.
You also visited: Sewer and Ossuary.

You collected 622 gold pieces.
You paid 95 gold pieces to Gozag.

Inventory:

Hand weapons
 a - a cursed +0 short sword (weapon)
 u - a +0 dagger of venom
Armour
 e - a +0 leather armour (worn)
 n - a cursed +0 cloak (worn)
 w - a cursed +1 pair of boots (worn)
 B - a cursed +1 pair of gloves (worn)
Magical devices
 b - a wand of flame (0)
 c - a wand of enslavement (15)
 d - a wand of random effects (2)
 f - a wand of draining (7)
Comestibles
 q - a fruit
Scrolls
 k - 3 scrolls of identify
 v - a scroll of remove curse {unknown}
 y - a scroll of blinking {unknown}
 z - 2 scrolls of teleportation
 C - a scroll of noise {unknown}
Jewellery
 i - a cursed amulet of the gourmand
 x - a cursed amulet of warding (around neck)
Potions
 h - a potion of mutation {unknown}
 j - a potion of magic
 l - 3 potions of brilliance
 m - a potion of curing {unknown}
 o - a potion of confusion {unknown}
 p - a potion of poison
 s - a potion of cancellation
 A - 3 potions of flight
Books
 t - a book of Wizardry

   Spells                             Type                      Level
   Agony                              Necromancy                   5
   Force Lance                        Conjuration                  5
   Dispersal                          Translocation                6
   Haste                              Charms                       6
   Invisibility                       Hexes                        6
   Spellforged Servitor               Conjuration/Summoning        7


   Skills:
 + Level 2.9 Fighting
 + Level 3.3 Short Blades
 + Level 3.3 Armour
 + Level 5.7 Dodging
 + Level 2.8 Stealth
 + Level 4.1 Evocations


You had 7 spell levels left.
You didn't know any spells.

Dungeon Overview and Level Annotations

Branches:
Dungeon (5/15)
 Temple: D:4-7

Altars:
Ashenzari
Elyvilon
Gozag
Qazlal
Trog
Vehumet
The Shining One

Annotations:
D:4 Grinder


Message History

* * * LOW HITPOINT WARNING * * *
You feel sick. The mummy hits you but does no damage.
Drink which item? (? for menu, Esc to quit)
You feel yourself speed up.
It was a potion of haste.
* * * LOW HITPOINT WARNING * * *
You feel sick.
You are very lightly contaminated with residual magic.
Unknown command.
Drink which item? (? for menu, Esc to quit)
Your magical effects are unravelling.
Your magical contamination has completely faded away.
It was a potion of cancellation.
You feel yourself slow down.
* * * LOW HITPOINT WARNING * * *
You feel sick. The mummy barely misses you.
Drink which item? (? for menu, Esc to quit)
You feel agile all of a sudden.
It was a potion of agility.
You die...
Your body crumbles into a pile of gold.

#........#
#......#
##....##
#....# $
#....# $ $
#....# $
$$ #....#
$$ $
#..M.# $
$$ #..@.#
$$ $
#....# $ $
#.∩∩.# $
######


You could see a mummy.

Vanquished Creatures
  2 ogres (D:4)
  A centaur (D:5)
  A hound (D:5)
  A crimson imp (D:5)
  An orc priest (D:4)
  Crazy Yiuf (D:2)
  3 orc wizards
  2 worker ants
  A big kobold zombie (Ossuary)
  5 mummies
  3 gnolls
  9 adders
  A giant mite (Sewer)
  7 worms
  3 giant geckos
  4 oozes (Sewer)
  8 orcs
  12 bats
  11 hobgoblins
  2 quokkas
  3 ball pythons
  5 giant cockroaches
  3 giant newts
  11 goblins
  2 hobgoblin zombies (Ossuary)
  10 jackals
  13 kobolds
  A kobold zombie (Ossuary)
  4 orc zombies (Ossuary)
  14 rats
144 creatures vanquished.

Notes
Turn   | Place    | Note
--------------------------------------------------------------
     0 | D:1      | Qrupt, the Human Artificer, began the quest for the Orb.
     0 | D:1      | Reached XP level 1. HP: 15/15 MP: 1/1
   235 | D:1      | Reached XP level 2. HP: 21/21 MP: 3/3
  1124 | D:1      | Reached XP level 3. HP: 19/26 MP: 4/4
  1384 | D:2      | Noticed Crazy Yiuf
  1387 | D:2      | Killed Crazy Yiuf
  1387 | D:2      | Reached skill level 1 in Armour
  1387 | D:2      | Reached XP level 4. HP: 27/32 MP: 6/6
  1983 | D:2      | Found an opulent altar of Gozag.
  2031 | D:2      | Found a bloodstained altar of Trog.
  2070 | D:2      | Became a worshipper of Gozag Ym Sagoz the Greedy
  2133 | D:2      | Reached XP level 5. HP: 37/37 MP: 8/8
  2321 | D:3      | Found a shattered altar of Ashenzari.
  3281 | D:3      | Reached XP level 6. HP: 9/44 MP: 9/9
  3670 | D:3      | Found a radiant altar of Vehumet.
  3670 | D:3      | Found a glowing golden altar of the Shining One.
  3671 | D:3      | Found a stormy altar of Qazlal.
  3680 | D:3      | Found a white marble altar of Elyvilon.
  4432 | D:4      | Reached skill level 4 in Dodging
  4516 | D:4      | Found a glowing drain.
  4524 | Sewer    | Entered a sewer
  4845 | Sewer    | Reached XP level 7. HP: 48/50 MP: 11/11
  5709 | D:4      | Reached skill level 5 in Dodging
  5885 | D:4      | Noticed Grinder
  5942 | D:5      | Entered Level 5 of the Dungeon
  6082 | D:5      | Reached XP level 8. HP: 52/57 MP: 13/13
  6268 | D:5      | Found a sand-covered staircase.
  6281 | Ossuary  | Entered an ossuary
  6976 | Ossuary  | HP: 2/57 [poison (a potion of poison)]
  6979 | Ossuary  | Succumbed to poison (a potion of poison)

Action                   |  1- 3 |  4- 6 |  7- 9 || total
-------------------------+-------+-------+-------++-------
Melee: Short sword       |   103 |    84 |   154 ||   341
       Dagger            |       |   174 |   182 ||   356
Evoke: Wand              |     3 |    16 |    10 ||    29
  Use: Potion            |       |     1 |     5 ||     6
       Scroll            |       |       |     7 ||     7
 Stab: Sleeping          |     2 |     7 |     2 ||    11
       Paralysed         |     4 |       |       ||     4
       Confused          |       |       |     2 ||     2
  Eat: Chunk             |     1 |     2 |       ||     3
       Bread ration      |       |     2 |       ||     2
       Fruit             |       |       |     6 ||     6
       Beef jerky        |       |       |     2 ||     2
